 Dungeon Crawl Stone Soup version 0.30-a0-916-g98134172ad (webtiles) character file.

Game seed: 3014996262440169269

1638 M4edhros the Twirler (level 8, -7/56 HPs)
             Began as an Octopode Artificer on Mar 20, 2023.
             Was a Follower of Cheibriados.
             Killed by divine providence
             ... invoked by an orc priest
              (12 damage)
             ... on level 7 of the Dungeon.
             The game lasted 00:05:14 (6107 turns).

M4edhros the Twirler (Octopode Artificer)           Turns: 6107, Time: 00:05:14

Health: -7/56      AC:  1    Str: 18    XL:     8   Next: 98%
Magic:  8/8        EV: 16    Int: 15    God:    Cheibriados [*.....]
Gold:   289        SH:  0    Dex: 16    Spells: 7/7 levels left

rFire   . . .      SeeInvis .    j - +11 quarterstaff of Cruel Justice {drain, Str+4}
rCold   . . .      Faith    .    (shield currently unavailable)
rNeg    . . .      Spirit   .    (helmet restricted)
rPois   .          Reflect  .    (no amulet)
rElec   .          Rampage  .    (no ring)
rCorr   .                        (no ring)
Will    .....                    (no ring)
Stlth   +++                      (no ring)
HPRegen 0.29/turn                (no ring)
MPRegen 0.11/turn                (no ring)
                                 (no ring)
                                 (no ring)

@: very slow
A: almost no armour, amphibious, 8 rings, camouflage 1, gelatinous body 1,
(nimble swimmer 1), tentacles
a: Renounce Religion, Bend Time


You were on level 7 of the Dungeon.
You worshipped Cheibriados.
Cheibriados was aware of your devotion.
You visited 2 branches of the dungeon, and saw 8 of its levels.

You collected 289 gold pieces.

Inventory:

Hand Weapons
 j - the +11 quarterstaff of Cruel Justice (weapon) {drain, Str+4}
   (You found it on level 3 of the Dungeon)

   Str:       It affects your strength (+4).
Jewellery
 f - an amulet of faith
Wands
 b - a wand of flame (26) (quivered)
 c - a wand of charming (12)
 d - a wand of iceblast (4)
 x - a wand of mindburst (8)
Scrolls
 a - 11 scrolls of identify {unknown}
 k - a scroll of blinking {unknown}
 l - a scroll of fog {unknown}
 n - 3 scrolls of teleportation {unknown}
 o - a scroll of summoning {unknown}
 q - 2 scrolls of enchant weapon {unknown}
 r - a scroll of fear {unknown}
 u - 3 scrolls of poison {unknown}
 y - a scroll of brand weapon {unknown}
Potions
 e - 2 potions of haste {unknown}
 g - 3 potions of cancellation
 h - 2 potions of brilliance {unknown}
 i - 2 potions of might {unknown}
 m - a potion of heal wounds {unknown}
 p - a potion of degeneration {unknown}
 s - a potion of curing {unknown}
 t - a potion of magic {unknown}
 v - a potion of lignification {unknown}
 w - a potion of mutation {unknown}


   Skills:
 + Level 5.4 Fighting
 * Level 7.1 Staves
 + Level 5.9 Dodging
 - Level 1.3 Stealth
 - Level 2.5 Unarmed Combat
 - Level 3.2 Evocations


You had 7 spell levels left.
You didn't know any spells.
Your spell library contained the following spells:

 Spells                   Type           Power      Damage    Failure   Level
 Kiss of Death            Conj/Necr      0%         2d5       26%         1
 Confusing Touch          Hex            0%         N/A       63%         3
 Ozocubu's Armour         Ice            0%         N/A       63%         3
 Vhi's Electric Charge    Tloc/Air       0%         N/A       63%         3
 Dispel Undead            Necr           0%         3d6       95%         4
 Arcjolt                  Conj/Air       0%         1d10      100%        5
 Fireball                 Conj/Fire      0%         3d3       100%        5
 Iskenderun's Battlesphe  Conj           0%         2d6       100%        5
 Conjure Ball Lightning   Conj/Air       0%         3x3d6     100%        6
 Orb of Destruction       Conj           0%         9d5       100%        7
 Ozocubu's Refrigeration  Ice            0%         4d7       100%        7
 Maxwell's Capacitive Co  Air            0%         ∞         100%        8


Dungeon Overview and Level Annotations

Branches:
Dungeon (7/15)             Temple (1/1) D:6

Altars:
Ashenzari
Cheibriados
Elyvilon
Gozag
Hepliaklqana
Makhleb
Okawaru
Ru
Vehumet

Shops:
D:6 (

Annotations:
D:2 1 runed translucent door, Crazy Yiuf


Innate Abilities, Weirdness & Mutations

You cannot wear most types of armour.
You are amphibious.
You can wear up to eight rings at the same time.
Your skin changes colour to match your surroundings (Stealth+).
Your rubbery body absorbs attacks. (AC +1, EV +1)
((You are camouflaged when in or above water. (Stealth+)))
You have tentacles for arms and can constrict up to eight enemies at once.


Message History

* * * LOW HITPOINT WARNING * * *
The black bear claws you.
* * * LOW HITPOINT WARNING * * *
The black bear barely misses you.
You are too injured to fight recklessly!
Unknown command.
Unknown command.
Unknown command.
Okay, then.
Aiming: Charm
Press: ? - help, Shift-Dir - straight line, f - black bear
Aim: a black bear (moderately wounded, constricted by you, chance to affect: 57%)
The orc warrior is charmed.
You constrict the black bear.
A phantom comes into view.
The black bear bites you.
* * * LOW HITPOINT WARNING * * *
The black bear claws you.
* * * LOW HITPOINT WARNING * * *
The black bear claws you.
* * * LOW HITPOINT WARNING * * *
The orc wizard hits your orc warrior but does no damage.
Unknown command.
Aiming: Charm
Press: ? - help, Shift-Dir - straight line, f - black bear
Aim: a black bear (moderately wounded, constricted by you, chance to affect: 57%)
The black bear is charmed.
You release your grip on your black bear.
Your orc warrior hits the orc wizard with a +0 glaive!
The orc wizard hits your black bear with a +0 dagger.
Your black bear bites the orc wizard!
The orc wizard dies!
Cheibriados thoroughly appreciates the change of pace.
Unknown command.
Unknown command.
Unknown command.
It was a potion of cancellation.
You feel magically purged.
The howler monkey hoots and howls with incredible vigour!
The orc priest calls down the wrath of Beogh upon you.
Beogh smites you!
You die...

...........?...
...............
..Wo...........
...h...........
....o........ #
....o.)....####.#
......oh........
.......@)).....#
.......)....##.
...<.....?..#
..).......).#
#.##........# .
##...##..#
#!#..#?.#
#.##....## #.
###...#


You could see a phantom, a howler monkey (catching breath), an orc priest, 2
orcs, a friendly orc warrior (charmed) and a friendly black bear (charmed).

Vanquished Creatures
  Grinder (D:5)
  Sigmund (D:5)
  An orc warrior (D:6)
  An ice beast (D:6)
  A sky beast (D:7)
  3 ogres
  A centaur (D:7)
  2 phantoms
  An orc priest (D:6)
  2 jellies (D:6)
  4 iguanas
  A sleepcap (D:5)
  Ijyb (D:5)
  An orc wizard (D:3)
  4 adders
  9 gnolls
  2 shadow imps (D:5)
  A white imp (D:6)
  2 ufetubi
  2 worms
  3 dart slugs
  18 orcs
  A ball python (D:4)
  5 endoplasms
  2 giant cockroaches
  6 hobgoblins
  2 jackals (D:4)
  7 kobolds
  3 quokkas
  2 bats (D:2)
  6 goblins
  4 rats
100 creatures vanquished.

Vanquished Creatures (collateral kills)
  An orc wizard (D:7)
1 creature vanquished.

Grand Total: 101 creatures vanquished

Notes
Turn   | Place    | Note
-------+----------+-------------------------------------------
     0 | D:1      | M4edhros the Octopode Artificer began the quest for the
                  | Orb.
     0 | D:1      | Reached XP level 1. HP: 13/13 MP: 1/1
    61 | D:1      | Reached skill level 1 in Unarmed Combat
    61 | D:1      | Reached XP level 2. HP: 3/18 MP: 2/2
   449 | D:1      | Found a faded altar of an unknown god.
   677 | D:1      | Reached XP level 3. HP: 23/23 MP: 3/3
   980 | D:3      | Reached XP level 4. HP: 21/29 MP: 4/4
  1009 | D:3      | Identified the +11 quarterstaff of Cruel Justice {drain,
                  | Str+4}
  1137 | D:4      | Reached skill level 1 in Staves
  1137 | D:4      | Reached XP level 5. HP: 35/35 MP: 5/5
  1423 | D:4      | Reached skill level 2 in Staves
  1638 | D:5      | Entered Level 5 of the Dungeon
  1700 | D:5      | Noticed a phantom
  1702 | D:5      | Noticed an ogre
  1755 | D:5      | Killed a phantom
  1756 | D:5      | Reached XP level 6. HP: 14/42 MP: 6/6
  1775 | D:5      | Reached skill level 3 in Staves
  1867 | D:5      | HP: 2/42 [adder (2)]
  1871 | D:5      | Reached XP level 7. HP: 3/46 MP: 7/7
  2191 | D:5      | Reached skill level 4 in Staves
  2384 | D:5      | Noticed Sigmund
  2389 | D:5      | Killed Sigmund
  2503 | D:5      | Noticed Grinder
  2511 | D:5      | Killed Grinder
  2512 | D:5      | Reached skill level 5 in Staves
  2677 | D:5      | Noticed Ijyb
  2682 | D:5      | Killed Ijyb
  2683 | D:5      | Reached XP level 8. HP: 40/54 MP: 8/8
  2922 | D:6      | Reached skill level 5 in Dodging
  3242 | D:6      | Identified the +0 leather armour "Tiryluecs" {Dex+3}
  3371 | D:6      | Found Aliurin's Weapon Boutique.
  3529 | D:6      | Reached skill level 6 in Staves
  3849 | D:6      | Found a staircase to the Ecumenical Temple.
  3857 | Temple   | Entered the Ecumenical Temple
  3912 | Temple   | Became a worshipper of Cheibriados the Contemplative
  4684 | D:2      | Found a runed translucent door.
  4685 | D:2      | Noticed Crazy Yiuf
  5581 | D:3      | Reached skill level 5 in Fighting
  5816 | D:6      | Reached * piety under Cheibriados
  6102 | D:7      | Reached skill level 7 in Staves
  6107 | D:7      | Killed from afar by an orc priest

Illustrated notes

Levels and vault maps discovered:
D:1:      kennysheep_arrival_seaside, layout_basic, basic_ecumenical_altar
D:2:      layout_basic, grunt_decor_fettered, uniq_crazy_yiuf_cottage
D:3:      layout_basic, serial_forest, infiniplex_forest_end_3,
          infiniplex_forest_end_1, infiniplex_forest_clump_long,
          infiniplex_forest_clump_C, infiniplex_forest_straight_4,
          chequers_garden, eino_curves_04
D:4:      layout_basic
D:5:      layout_loops_ring, chequers_serial_rivers_large_b, uniq_sigmund,
          uniq_ijyb, uniq_grinder
D:6:      layout_loops_corners, minmay_temple_entry_enclosed_plants,
          serial_shops, shop_fountains, hangedman_abyss_or_decor_stabs
D:7:      layout_rooms, chequers_temple_overflow_statue_of_worship
Temple:   nicolae_temple_bog_church

Skill      XL: |  1  2  3  4  5  6  7  8 |
---------------+-------------------------+-----
Unarmed Combat | 1 2 |  2.5
Fighting       | 2 3 4 5 |  5.4
Dodging        | 3 4 5 |  5.9
Staves         | 1 2 3 5 7 |  7.1
Stealth        | |  1.3
Evocations     | |  3.2

Action                     |  1- 3 |  4- 6 |  7- 9 || total
---------------------------+-------+-------+-------++-------
  Melee: Unarmed           |    47 |     1 |       ||    48
         Constrict         |    15 |     6 |    18 ||    39
         Tentacles         |    12 |     6 |    17 ||    35
         Quarterstaff      |       |    42 |    86 ||   128
         Punch             |       |       |     3 ||     3
  Evoke: Wand              |     4 |    10 |     5 ||    19
    Use: Potion            |       |       |     1 ||     1
   Stab: Sleeping          |     3 |     5 |     7 ||    15
         Distracted        |     1 |       |     1 ||     2
 Armour: Skin              |       |     1 |     3 ||     4
  Dodge: Dodged            |    32 |    32 |    51 ||   115

Table legend: (Time is in decaauts)
 A = Elapsed time spent in this place.
 B = Non-inter-level travel time spent in this place.
 C = Inter-level travel time spent in this place.
 D = Time resting spent in this place.
 E = Time spent auto-exploring this place.
 F = Levels seen in this place.
 G = Mean time per level.
                   A        B        C        D        E       F      G
               +--------+--------+--------+--------+--------+-----+--------+
         Total |   6672 |   5961 |    711 |     17 |   5164 |   8 |  834.0 |
       Dungeon |   6607 |   5905 |    702 |     17 |   5124 |   7 |  943.9 |
        Temple |     64 |     56 |      8 |      0 |     40 |   1 |   64.0 |
               +--------+--------+--------+--------+--------+-----+--------+

Top non-repeatable levels by time:
     D:5: 1353 daAuts
     D:6: 1329 daAuts
     D:2: 1148 daAuts
     D:3: 1059 daAuts
     D:1: 987 daAuts
     D:4: 692 daAuts
  Temple: 64 daAuts
     D:7: 36 daAuts
